 Dungeon Crawl Stone Soup version 0.30.0-30-g96aa6591b8 (webtiles) character file.

Game seed: 13314823699094672833

51 AgateBread the Chopper (level 3, -2/31 HPs)
             Began as a Hill Orc Reaver on June 30, 2023.
             Slain by a gnoll
             ... wielding a +0 whip
              (3 damage)
             ... on level 2 of the Dungeon.
             The game lasted 00:09:53 (1131 turns).

AgateBread the Chopper (Hill Orc Reaver)            Turns: 1131, Time: 00:09:53

Health: -2/31      AC:  7    Str: 12 (14) XL:     3   Next: 81%
Magic:  5/5        EV: 10    Int: 13 (15) God:
Gold:   80         SH:  0    Dex:  8 (9)  Spells: 2/5 levels left

rFire   . . .        a - +0 hand axe
rCold   . . .        (no shield)
rNeg    . . .        p - +0 ring mail
rPois   .            (no helmet)
rElec   .            (no cloak)
rCorr   .            (no gloves)
SInv    .            (no boots)
Will    .....        (no amulet) Stlth
                     (no ring)
HPRegen 0.25/turn    (no ring)
MPRegen 0.09/turn

%: no passive effects
@: attractive
A: hooves 1, iridescent scales 1
a: no special abilities


You were on level 2 of the Dungeon.
You visited 1 branch of the dungeon, and saw 2 of its levels.

You collected 80 gold pieces.

Inventory:

Hand Weapons
 a - a +0 hand axe (weapon)
Missiles
 k - 5 boomerangs (quivered)
Armour
 b - a +0 leather armour
 e - a +0 scale mail
 p - a +0 ring mail (worn)
Jewellery
 g - an amulet of faith
Scrolls
 c - 4 scrolls of identify {unknown}
 h - 2 scrolls of fog {unknown}
 n - a scroll of enchant armour {unknown}
 o - a scroll of immolation {unknown}
Potions
 i - a potion of brilliance {unknown}
 j - a potion of degeneration


   Skills:
 + Level 3.4 Fighting
 + Level 4.1 Axes
 + Level 1.8 Armour
 - Level 1.5 Dodging
 - Level 1.5 Spellcasting
 - Level 3.3 Conjurations
 + Level 1.0 Fire Magic


You had 2 spell levels left.
You knew the following spells:

 Your Spells              Type           Power      Damage    Failure   Level
a - Kiss of Death         Conj/Necr      20%        2d7       28%         1
b - Sublimation of Blood  Necr           1%         N/A       65%         2

Your spell library contained the following spells:

 Spells                   Type           Power      Damage    Failure   Level
 Momentum Strike          Conj/Tloc      10%        3d8       41%         2
 Wereblood                Tmut           1%         N/A       65%         2
 Hailstorm                Conj/Ice       5%         3d4       65%         3
 Summon Hydra             Summ           0%         N/A       100%        7


Dungeon Overview and Level Annotations

Branches:
Dungeon (2/15)

Altars:

Shops:
D:1 :


Innate Abilities, Weirdness & Mutations

You have large cloven feet.
You are partially covered in iridescent scales. (AC +2)


Message History

Aim: a gnoll, wielding a +0 whip (moderately wounded, 58% to hit)
You throw a javelin. The javelin closely misses the gnoll.
The javelin pierces through the gnoll!
The gnoll is almost dead.
The javelin completely misses the gnoll.
The gnoll hits you with a +0 whip.
Throw: javelin
Press: ? - help, Q - select action, (/) - cycle Shift-Dir - straight line, f/p - gnoll
Aim: a gnoll, wielding a +0 whip (almost dead, 58% to hit)
You throw a javelin.
The javelin hits the gnoll and shatters for extra damage!
You kill the gnoll!
The gnoll barely misses you.
Your Fire Magic skill increases to level 1!
You hit the gnoll but do no damage.
The gnoll is almost dead.
The gnoll hits you with a +0 whip.
* * * LOW HITPOINT WARNING * * *
Unknown command.
Okay, then.
Okay, then.
It was a potion of degeneration.
There was something very wrong with that liquid.
You feel weakened.
You feel dopey.
You feel clumsy. The gnoll hits you with a +0 whip.
* * * LOW HITPOINT WARNING * * *
It was a potion of mutation.
You feel extremely strange.
Iridescent scales grow over part of your body.
Your feet thicken and deform.
The gnoll barely misses you.
Unknown command.
Sorry, you're not good enough to have a special ability.
Unknown command.
It was a potion of cancellation.
You feel magically purged. The gnoll hits you with a +0 whip.
* * * LOW HITPOINT WARNING * * *
It was a potion of attraction.
You feel attractive to monsters. The gnoll hits you with a +0 whip.
You die...

#..................
#.#######..#.##...#
#.# #..#.###.## #.#
#####.[#.# #.## #.#
#......#.# #... #.#
#.......#. >...
#######.#
#..##.##.# ####
........###..##.# .
........@ggg...(#
#######.###..####
#.# #..# #.# #..#
#.. ...# #.# >###
#.# . ..##(


You could see 3 gnolls.

Vanquished Creatures
  A gnoll (D:2)
  An adder (D:1)
  A dart slug (D:2)
  3 endoplasms
  A goblin (D:1)
  A hobgoblin (D:1)
  3 kobolds
  7 ball pythons
  3 bats (D:1)
  2 frilled lizards (D:1)
  8 rats (D:1)
31 creatures vanquished.

Notes
Turn   | Place    | Note
-------+----------+-------------------------------------------
     0 | D:1      | AgateBread the Hill Orc Reaver began the quest for the Orb.
     0 | D:1      | Reached XP level 1. HP: 18/18 MP: 3/3
    31 | D:1      | Reached XP level 2. HP: 14/25 MP: 4/4
    79 | D:1      | Found a faded altar of an unknown god.
   179 | D:1      | Reached skill level 1 in Armour
   266 | D:1      | Learned a level 2 spell: Sublimation of Blood
   743 | D:1      | Found Gumiegod's Book Shop.
   805 | D:1      | Reached XP level 3. HP: 25/31 MP: 5/5
  1127 | D:2      | Reached skill level 1 in Fire Magic
  1128 | D:2      | HP: 1/31 [gnoll/+0 whip (5)]
  1129 | D:2      | Gained mutation: You are partially covered in iridescent
                  | scales. (AC +2) [potion of mutation]
  1129 | D:2      | Gained mutation: You have large cloven feet. [potion of
                  | mutation]
  1131 | D:2      | Slain by a gnoll

Illustrated notes

Levels and vault maps discovered:
D:1:      dpeg_arrival_long_road, layout_basic, basic_ecumenical_altar,
          serial_shops, shop, minmay_split_cup_small
D:2:      layout_loops_ring, minmay_puff

Skill      XL: |  1  2  3 |
---------------+----------+-----
Armour         | 1 |  1.8
Fighting       | 3 |  3.4
Fire Magic     | 1 |  1.0
Axes           | |  4.1
Dodging        | |  1.5
Spellcasting   | |  1.5
Conjurations   | |  3.3

Action                     || total
---------------------------++-------
  Melee: Hand axe          ||    95
         Punch             ||     1
  Throw: Javelin           ||     4
    Use: Potion            ||     4
 Armour: Leather armour    ||    17
         Scale mail        ||     7
         Ring mail         ||     5
  Dodge: Dodged            ||    54
